 Dungeon Crawl Stone Soup version 0.30-a0-578-gdee14c521f (webtiles) character file.

Game seed: 17756555255543654095

404 themarg the Basher (level 6, -2/44 HPs)
             Began as a Gnoll Wanderer on Dec 31, 2022.
             Was an Initiate of Gozag.
             Slain by an ufetubus (4 damage)
             ... summoned by Eustachio
             ... on level 4 of the Dungeon.
             The game lasted 00:10:37 (4214 turns).

themarg the Basher (Gnoll Wanderer)                 Turns: 4214, Time: 00:10:37

Health: -2/44      AC:  6    Str: 14    XL:     6   Next: 86%
Magic:  14/14      EV: 17    Int: 10    God:    Gozag
Gold:   355        SH:  0    Dex: 12    Spells: 15/16 levels left

rFire   . . .      SeeInvis .    a - +2 mace
rCold   . . .      Faith    .    (no shield)
rNeg    . . .      Spirit   .    e - +0 leather armour
rPois   .          Reflect  .    (no helmet)
rElec   .          Harm     .    (no cloak)
rCorr   .          Rampage  .    q - +1 pair of gloves
Will    .....                    A - +0 pair of boots
Stlth   ++                       (no amulet)
HPRegen 0.27/turn                y - +5 ring of evasion
MPRegen 0.14/turn                (no ring)

@: no status effects
A: fangs 1, strong nose, distributed training
a: Renounce Religion, Potion Petition, Call Merchant, Bribe Branch


You were on level 4 of the Dungeon.
You worshipped Gozag.
Gozag was aware of your devotion.
You visited 2 branches of the dungeon, and saw 6 of its levels.

You collected 440 gold pieces.
You paid 85 gold pieces to Gozag.

Inventory:

Hand Weapons
 a - a +2 mace (weapon)
 c - a +0 dagger
Missiles
 b - 9 boomerangs (quivered)
 f - 44 stones
 o - 5 poisoned darts
Armour
 e - a +0 leather armour (worn)
 q - a +1 pair of gloves (worn)
 A - a +0 pair of boots (worn)
Jewellery
 y - a +5 ring of evasion (left hand)
 B - a ring of fire
Scrolls
 j - a scroll of enchant weapon {unknown}
 k - 3 scrolls of teleportation {unknown}
 l - 2 scrolls of poison {unknown}
 n - a scroll of noise {unknown}
 r - a scroll of fear {unknown}
 u - a scroll of silence {unknown}
 w - 2 scrolls of enchant armour {unknown}
 x - a scroll of butterflies {unknown}
Potions
 d - 2 potions of attraction
 g - a potion of lignification {unknown}
 h - a potion of might {unknown}
 i - 2 potions of brilliance
 m - 3 potions of mutation
 p - 2 potions of resistance
 s - a potion of curing
 t - a potion of magic {unknown}
 z - 2 potions of heal wounds {unknown}
 C - a potion of berserk rage {unknown}


   Skills:
 + Level 2.2 Fighting
 + Level 2.2 Short Blades
 + Level 2.2 Long Blades
 + Level 2.2 Axes
 + Level 10.6 Maces & Flails
 + Level 2.2 Polearms
 + Level 2.2 Staves
 + Level 2.2 Ranged Weapons
 + Level 3.4 Throwing
 + Level 3.4 Armour
 + Level 2.2 Dodging
 + Level 2.2 Stealth
 + Level 2.2 Shields
 + Level 2.2 Unarmed Combat
 + Level 5.5 Spellcasting
 + Level 1.8 Conjurations
 + Level 1.8 Hexes
 + Level 1.8 Summonings
 + Level 1.8 Necromancy
 + Level 2.8 Translocations
 + Level 1.8 Transmutations
 + Level 1.8 Fire Magic
 + Level 1.8 Ice Magic
 + Level 1.8 Air Magic
 + Level 1.8 Earth Magic
 + Level 1.8 Poison Magic
 + Level 2.4 Invocations
 + Level 2.2 Evocations


You had 15 spell levels left.
You knew the following spells:

 Your Spells              Type           Power      Damage    Failure   Level
a - Apportation           Tloc           16%        N/A       9%          1

Your spell library contained the following spells:

 Spells                   Type           Power      Damage    Failure   Level
 Summon Small Mammal      Summ           24%        N/A       13%         1
 Kindle Blastsparks       Fire/Tloc/Air  14%        2d11      32%         3
 Call Canine Familiar     Summ           6%         N/A       36%         3
 Ozocubu's Armour         Ice            6%         N/A       36%         3
 Summon Guardian Golem    Hex/Summ       6%         N/A       36%         3
 Metabolic Englaciation   Hex/Ice        3%         N/A       98%         5
 Haunt                    Necr/Summ      3%         N/A       100%        7
 Infestation              Necr           3%         N/A       100%        8
 Animate Dead             Necr           Unusable   N/A       N/A         4
 Simulacrum               Ice/Necr       Unusable   N/A       N/A         6

Dungeon Overview and Level Annotations

Branches:
Dungeon (5/15)             Temple (1/1) D:4

Altars:
Cheibriados
Dithmenos
Elyvilon
Fedhas
Gozag
Hepliaklqana
Makhleb
Nemelex Xobeh
Okawaru
Qazlal
Ru
Sif Muna
Trog
Uskayaw
Vehumet
Xom
Yredelemnul
Zin
The Shining One

Shops:
D:1 [

Annotations:
D:3 Ijyb
D:4 1 runed translucent door, Eustachio; Newt's ghost, amateur DsGl
D:5 Menkaure; Sigmund


Innate Abilities, Weirdness & Mutations

You have very sharp teeth.
Your uncanny sense of smell can sniff out nearby items.
Your experience applies equally to all skills.


Message History

You hit Eustachio.
Eustachio is almost dead.
The bat barely misses you.
The ufetubus hits you but does no damage.
The ufetubus barely misses you.
You barely miss Eustachio.
Eustachio is almost dead.
Eustachio gestures wildly while chanting.
The crimson imp misses you. The ufetubus closely misses you.
The ufetubus barely misses you.
You closely miss Eustachio.
Eustachio is almost dead.
The bat closely misses you. The bat misses you.
The ufetubus completely misses you.
The ufetubus hits you but does no damage.
Eustachio closely misses you.
The shadow imp hits you but does no damage.
The crimson imp picks up a beetle and eats it.
The crimson imp hits you but does no damage.
The ufetubus barely misses you. x2
You closely miss Eustachio.
Eustachio is almost dead.
The bat misses you. Eustachio closely misses you. The shadow imp hits you.
* * * LOW HITPOINT WARNING * * *
The crimson imp hits you but does no damage.
The ufetubus hits you but does no damage.
The ufetubus closely misses you.
You hit Eustachio.
Eustachio is almost dead.
The bat misses you. The ufetubus barely misses you.
The ufetubus closely misses you. The river rat bites you.
* * * LOW HITPOINT WARNING * * *
Eustachio barely misses you. The shadow imp misses you.
The crimson imp hits you.
* * * LOW HITPOINT WARNING * * *
You miss Eustachio. You bite Eustachio, but do no damage.
Eustachio is almost dead.
The ufetubus hits you.
You die...
Your body crumbles into a pile of gold.

##.# #.....#####
...####.###.....#
..........#####.# 8.......8.###
#.# ............# #$# #
8.......8.#.###.#################
....).......#...#................
8..._...8.....##.5.).............
...###..........@5..............[
#.............b5@r.........>.....
##..#######.#..rb................
....# #......................
##..# #.....>................
#..# #....[.................
#..#### #.................)....
#.....# #..............[.......
#...#.# #......................


You could see Eustachio, a crimson imp (summoned), 2 river rats, a shadow imp
(summoned), an ufetubus (summoned) and 2 bats.

Vanquished Creatures
  2 phantoms (D:4)
  A gnoll bouda (D:4)
  A hound (D:5)
  An iguana (D:4)
  A hound zombie (D:5)
  2 gnolls (D:4)
  4 adders
  3 worms
  3 dart slugs
  4 orcs (D:4)
  3 bats
  8 endoplasms
  7 giant cockroaches
  5 goblins
  9 hobgoblins
  8 quokkas
  5 ball pythons
  A frilled lizard (D:1)
  6 kobolds
  8 rats (D:1)
82 creatures vanquished.

Vanquished Creatures (others)
  2 withered plants (D:4)
2 creatures vanquished.

Grand Total: 84 creatures vanquished

Notes
Turn   | Place    | Note
-------+----------+-------------------------------------------
     0 | D:1      | Reached skill level 10 in Maces & Flails
     0 | D:1      | themarg the Gnoll Wanderer began the quest for the Orb.
     0 | D:1      | themarg set off with the following items: a +2 mace, 9
                  | boomerangs, a +0 dagger, a potion of attraction, a +0
                  | leather armour; and the following spell memorised:
                  | Apportation; and the following spells available to
                  | memorise: Kindle Blastsparks.
     0 | D:1      | Reached XP level 1. HP: 13/13 MP: 6/6
   128 | D:1      | Reached XP level 2. HP: 19/19 MP: 7/7
   525 | D:1      | Found Zewkakh's Armour Boutique.
   841 | D:1      | Reached skill level 5 in Spellcasting
   841 | D:1      | Reached XP level 3. HP: 25/25 MP: 7/9
  1037 | D:2      | Reached skill level 1 in Invocations
  1102 | D:2      | Reached skill level 1 in Fighting
  1102 | D:2      | Reached skill level 1 in Short Blades
  1102 | D:2      | Reached skill level 1 in Long Blades
  1102 | D:2      | Reached skill level 1 in Axes
  1102 | D:2      | Reached skill level 1 in Polearms
  1102 | D:2      | Reached skill level 1 in Staves
  1102 | D:2      | Reached skill level 1 in Ranged Weapons
  1102 | D:2      | Reached skill level 1 in Dodging
  1102 | D:2      | Reached skill level 1 in Stealth
  1102 | D:2      | Reached skill level 1 in Shields
  1102 | D:2      | Reached skill level 1 in Unarmed Combat
  1102 | D:2      | Reached skill level 1 in Evocations
  1331 | D:2      | Reached XP level 4. HP: 15/32 MP: 11/11
  1500 | D:2      | You fall into a shaft and drop 2 floors!
  1581 | D:3      | Noticed Ijyb
  1911 | D:3      | Reached skill level 1 in Conjurations
  1911 | D:3      | Reached skill level 1 in Hexes
  1911 | D:3      | Reached skill level 1 in Summonings
  1911 | D:3      | Reached skill level 1 in Necromancy
  1911 | D:3      | Reached skill level 1 in Transmutations
  1911 | D:3      | Reached skill level 1 in Fire Magic
  1911 | D:3      | Reached skill level 1 in Ice Magic
  1911 | D:3      | Reached skill level 1 in Air Magic
  1911 | D:3      | Reached skill level 1 in Earth Magic
  1911 | D:3      | Reached skill level 1 in Poison Magic
  2622 | D:4      | Found a staircase to the Ecumenical Temple.
  2635 | Temple   | Entered the Ecumenical Temple
  2828 | Temple   | Became a worshipper of Gozag Ym Sagoz the Greedy
  2876 | D:4      | Reached XP level 5. HP: 27/37 MP: 12/12
  3210 | D:4      | Found a runed translucent door.
  3211 | D:4      | Noticed Newt's ghost (amateur DsGl)
  3263 | D:4      | Noticed a phantom
  3288 | D:4      | Killed a phantom
  3452 | D:4      | Found a hide-covered altar of Uskayaw.
  3883 | D:5      | Entered Level 5 of the Dungeon
  3893 | D:5      | Reached XP level 6. HP: 34/44 MP: 14/14
  3934 | D:5      | Noticed Menkaure
  3961 | D:5      | Noticed Sigmund
  3967 | D:5      | Found a shimmering blue altar of Sif Muna.
  4015 | D:5      | Noticed Eustachio
  4213 | D:4      | HP: 2/44 [crimson imp[Eustachio] (1)]
  4214 | D:4      | Slain by an ufetubus

Illustrated notes

Levels and vault maps discovered:
D:1:      dpeg_arrival_ratfight, layout_basic, serial_shops,
          nicolae_lakefront_shop
D:2:      wad_crossroads, layout_rooms
D:3:      layout_basic, serial_forest, infiniplex_forest_straight_3,
          infiniplex_forest_clump_cross, infiniplex_forest_end_2,
          infiniplex_forest_corner_1, infiniplex_forest_lined_2,
          infiniplex_forest_clump_small, uniq_ijyb
D:4:      layout_basic, eat_drink_and_be_merry_uskayaw,
          minmay_temple_entry_glass, gammafunk_ghost_grave,
          chequers_serial_rivers_room_a, abandoned_shop, corexii_shack,
          minmay_misc_feat_square, minmay_misc_feat_iff
D:5:      layout_cave_pools, led_sif_book, mainiacjoe_overflow_catwalk,
          amethyst_overflow_temple_binary, serial_undead, serial_undead_b,
          serial_undead_d, serial_undead_f, serial_undead_f, uniq_sigmund,
          uniq_menkaure, uniq_eustachio, uniq_crazy_yiuf_cottage, uniq_duvessa
Temple:   nicolae_temple_bog_church

Skill      XL: |  1  2  3  4  5  6 |
---------------+-------------------+-----
Maces & Flails | | 10.6
Translocations | 2 |  2.8
Spellcasting   | 5 |  5.5
Invocations    | 1 2 |  2.4
Fighting       | 1 2 |  2.2
Short Blades   | 1 2 |  2.2
Long Blades    | 1 2 |  2.2
Axes           | 1 2 |  2.2
Polearms       | 1 2 |  2.2
Staves         | 1 2 |  2.2
Ranged Weapons | 1 2 |  2.2
Dodging        | 1 2 |  2.2
Stealth        | 1 2 |  2.2
Shields        | 1 2 |  2.2
Unarmed Combat | 1 2 |  2.2
Evocations     | 1 2 |  2.2
Conjurations   | 1 |  1.8
Hexes          | 1 |  1.8
Summonings     | 1 |  1.8
Necromancy     | 1 |  1.8
Transmutations | 1 |  1.8
Fire Magic     | 1 |  1.8
Ice Magic      | 1 |  1.8
Air Magic      | 1 |  1.8
Earth Magic    | 1 |  1.8
Poison Magic   | 1 |  1.8
Throwing       | 3 |  3.4
Armour         | 3 |  3.4

Action                   |  1- 3 |  4- 6 || total
-------------------------+-------+-------++-------
Melee: Mace              |   109 |   204 ||   313
       Bite              |     4 |    21 ||    25
       Punch             |     1 |     2 ||     3
  Use: Scroll            |       |     4 ||     4
       Potion            |       |     2 ||     2
 Stab: Sleeping          |       |     4 ||     4
Armor: Leather armour    |    34 |    49 ||    83
Dodge: Dodged            |    48 |   154 ||   202

Table legend: (Time is in decaauts)
 A = Elapsed time spent in this place.
 B = Non-inter-level travel time spent in this place.
 C = Inter-level travel time spent in this place.
 D = Time resting spent in this place.
 E = Time spent auto-exploring this place.
 F = Levels seen in this place.
 G = Mean time per level.
                   A        B        C        D        E       F      G
               +--------+--------+--------+--------+--------+-----+--------+
         Total |   4185 |   4016 |    169 |    191 |   3054 |   6 |  697.5 |
       Dungeon |   3962 |   3828 |    134 |    191 |   2898 |   5 |  792.4 |
        Temple |    222 |    187 |     35 |      0 |    156 |   1 |  222.0 |
               +--------+--------+--------+--------+--------+-----+--------+

Top non-repeatable levels by time:
     D:4: 1279 daAuts
     D:1: 922 daAuts
     D:3: 889 daAuts
     D:2: 770 daAuts
  Temple: 222 daAuts
     D:5: 101 daAuts
